 Dungeon Crawl Stone Soup version 0.18.1-48-g4cf74bf (webtiles) character file.

13411 dearth the Fighter (level 11, -4/108 HPs)
             Began as a Minotaur Fighter on Aug 8, 2016.
             Was a High Priest of Okawaru.
             Killed from afar by Azrael (8 damage)
             ... with a bolt of fire
             ... on level 12 of the Dungeon.
             The game lasted 00:44:12 (14467 turns).

dearth the Fighter (Minotaur Fighter)              Turns: 14467, Time: 00:44:12

Health: -4/108     AC: 10    Str: 22    XL:     11   Next: 75%
Magic:  13/13      EV: 10    Int:  5    God:    Okawaru [*****.]
Gold:   380        SH: 11    Dex: 12    Spells: 0 memorised, 10 levels left

rFire  . . .     SeeInvis .     a - +1 flail
rCold  . . .     Gourm    .     u - +1 scale mail {rPois}
rNeg   . . .     Faith    .     c - +1 shield
rPois  +         Spirit   .     (helmet restricted)
rElec  .         Dismiss  .     (no cloak)
rCorr  .         Reflect  .     K - +0 pair of gloves
SustAt .         Harm     .     (no boots)
MR     +....                    (no amulet)
Stlth  ..........               H - +2 ring of slaying
                                F - ring of protection from magic

@: about to teleport, somewhat resistant to hostile enchantments, extremely
unstealthy
A: retaliatory headbutt, horns 2
a: Heroism, Finesse, Renounce Religion


You were on level 12 of the Dungeon.
You worshipped Okawaru.
Okawaru was extremely pleased with you.
You were hungry.

You visited 2 branches of the dungeon, and saw 13 of its levels.

You collected 907 gold pieces.
You spent 527 gold pieces at shops.

Inventory:

Hand Weapons
 a - a +1 flail (weapon)
Missiles
 n - 9 tomahawks
 B - 5 tomahawks of dispersal (quivered)
 C - 8 javelins
 O - 2 javelins of penetration
Armour
 c - a +1 shield (worn)
 e - the +6 plate armour "Pinwusop" {Int+4}
   (You found it on level 9 of the Dungeon)

   It affects your intelligence (+4).
 u - a +1 scale mail of poison resistance (worn)
 J - a +2 ring mail of cold resistance
 K - a +0 pair of gloves (worn)
Rods
 b - a +0 lightning rod (9/9)
   (You took it off a wight on level 9 of the Dungeon)
Jewellery
 F - a ring of protection from magic (left hand)
 H - a +2 ring of slaying (right hand)
 M - an uncursed ring of sustain attributes
 U - a +2 ring of protection
Wands
 p - a wand of flame (31/48)
 x - a wand of acid (6/15)
 N - a wand of disintegration (20/24)
 P - a wand of flame (33/48)
 Q - a wand of slowing (24/48)
 R - a wand of flame (20/48)
Scrolls
 d - 5 scrolls of identify
 i - a scroll of fear
 j - 3 scrolls of teleportation
 k - a scroll of magic mapping
 o - a scroll of fog
 q - 2 scrolls of recharging
 y - 7 scrolls of remove curse
 D - a scroll of acquirement {unknown}
 L - a scroll of holy word {unknown}
Potions
 g - 3 potions of flight {unknown}
 h - 7 potions of curing
 l - 5 potions of haste
 m - 3 potions of lignification {unknown}
 s - 5 potions of heal wounds
 t - a potion of cancellation {unknown}
 v - 2 potions of mutation
 w - 3 potions of might
 z - 2 potions of degeneration {unknown}
 A - a potion of beneficial mutation {unknown}
 E - a potion of resistance {unknown}
 G - a potion of cure mutation {unknown}
 I - 2 potions of invisibility
Comestibles
 f - 2 bread rations
 r - 3 meat rations
 S - a beef jerky


   Skills:
 + Level 13.8 Fighting
 + Level 13.5 Maces & Flails
 + Level 6.3 Armour
 + Level 4.7 Dodging
 + Level 6.2 Shields
 + Level 4.2 Invocations
 + Level 3.5 Evocations


You had 10 spell levels left.
You didn't know any spells.

Dungeon Overview and Level Annotations

Branches:
Dungeon (12/15)            Temple (1/1) D:6            Lair (0/8) D:8
    Orc (0/2) D:11

Altars:
Ashenzari
Cheibriados
Dithmenos
Elyvilon
Gozag
Kikubaaqudgha
Makhleb
Nemelex Xobeh
Okawaru
Qazlal
Ru
Sif Muna
Trog
Vehumet
Xom
Yredelemnul
The Shining One

Shops:
D:7 }   D:8 !%[!

Annotations:
D:12 Azrael


Innate Abilities, Weirdness & Mutations

You reflexively headbutt those who attack you in melee.
You have a pair of horns on your head.


Message History

A fire elemental and Azrael come into view.
You miss the hell hound. You headbutt the hell hound.
The hell hound is lightly wounded.
The hell hound bites you!
* * * LOW HITPOINT WARNING * * *
A fire elemental comes into view.
The hell hound breathes flames at you. The blast of flame hits you!
* * * LOW HITPOINT WARNING * * *
You hear a bark!
Read which item? (? for menu, Esc to quit)
As you read the scroll of teleportation, it crumbles to dust.
You feel strangely unstable. You block the hell hound's attack.
You block the hell hound's attack.
A hell hound comes into view.
The hell hound barks!
The hell hound barely misses you. Azrael gestures at you.
The bolt of fire hits you!
You die...

#.....§......#
#.....§E.....#
#.....Eh.....# #+#####R#
..:# #....##.##...## .
#............># .
#.............# #....
#...).h.......# #....
#...)##@##+#########...
#....##.# #..........##
#....#... #..........#=
#....#.... #..........#.
#....#.....#..........#.
#....#.....#..........'.
#./..#.....#..........#.
#....#.....#..........#.
#...###### #..........##


You could see Azrael, 2 fire elementals and 2 hell hounds.

Vanquished Creatures
  A hydra (D:11)
  Urug (D:11)
  3 hill giants (D:11)
  2 ugly things (D:11)
  A cyclops (D:10)
  A centaur zombie (D:9)
  Psyche (D:12)
  An efreet (D:11)
  A troll (D:11)
  Prince Ribbit (D:6)
  A two-headed ogre (D:12)
  Grinder (D:3)
  Sigmund (D:3)
  A shadow (D:11)
  2 wyverns (D:10)
  10 yaks
  A fire elemental (D:12)
  A hungry ghost (D:11)
  2 hippogriffs
  Menkaure (D:4)
  4 orc warriors
  3 sky beasts
  2 ice beasts
  A black bear (D:12)
  5 phantoms
  8 ogres
  A crocodile (D:11)
  7 giant frogs
  A gnoll sergeant (D:10)
  A wyvern skeleton (D:8)
  2 scorpions
  2 troll zombies (D:11)
  10 wights
  2 howler monkeys
  4 jellies
  2 crimson imps
  2 giant frog zombies
  2 centaur skeletons
  8 orc priests
  7 hounds
  14 orc wizards
  2 giant frog skeletons
  2 iguanas
  3 worker ants
  6 ogre zombies (D:11)
  A hound zombie (D:11)
  A worker ant zombie (D:10)
  18 gnolls
  12 adders
  2 oozes
  An adder skeleton (D:8)
  A worm (D:3)
  4 dart slugs
  4 giant geckos
  46 orcs
  4 giant cockroaches
  9 goblins
  11 hobgoblins
  6 jackals
  5 kobolds
  5 quokkas
  16 bats
  A giant gecko skeleton (D:4)
  3 giant newts
  4 goblin zombies (D:11)
  A hobgoblin skeleton (D:11)
  4 hobgoblin zombies (D:11)
  An orc skeleton (D:11)
  15 orc zombies (D:11)
  2 quokka zombies (D:6)
  7 rats
319 creatures vanquished.

Notes
Turn   | Place    | Note
--------------------------------------------------------------
     0 | D:1      | dearth the Minotaur Fighter began the quest for the Orb.
     0 | D:1      | Reached XP level 1. HP: 19/19 MP: 0/0
   170 | D:1      | Reached XP level 2. HP: 27/27 MP: 1/1
   788 | D:1      | Reached XP level 3. HP: 34/34 MP: 2/2
  1146 | D:2      | Reached XP level 4. HP: 35/41 MP: 3/3
  1147 | D:2      | Reached skill level 5 in Fighting
  1308 | D:2      | HP: 2/42 [gnoll/spear of freezing (1)]
  2000 | D:3      | Noticed Sigmund
  2092 | D:3      | Killed Sigmund
  2092 | D:3      | Reached skill level 5 in Maces & Flails
  2092 | D:3      | Reached XP level 5. HP: 51/51 MP: 4/4
  2092 | D:3      | Reached XP level 6. HP: 58/58 MP: 5/5
  2100 | D:3      | Noticed Grinder
  2113 | D:3      | Killed Grinder
  2735 | D:2      | Reached XP level 7. HP: 58/66 MP: 6/6
  3902 | D:4      | Noticed Menkaure
  4344 | D:4      | Killed Menkaure
  4344 | D:4      | Reached XP level 8. HP: 63/75 MP: 7/7
  4394 | D:4      | Found a shattered altar of Ashenzari.
  4624 | D:5      | Entered Level 5 of the Dungeon
  4663 | D:5      | Found a shadowy altar of Dithmenos.
  5902 | D:6      | Reached skill level 10 in Fighting
  6436 | D:6      | Reached skill level 10 in Maces & Flails
  6629 | D:6      | Noticed Prince Ribbit
  6667 | D:6      | Killed Prince Ribbit
  6667 | D:6      | Reached XP level 9. HP: 76/86 MP: 8/8
  6767 | D:6      | Found a staircase to the Ecumenical Temple.
  6772 | Temple   | Entered the Ecumenical Temple
  6781 | Temple   | Became a worshipper of Warmaster Okawaru
  6867 | D:7      | Found Kicoqoed's Gadget Shop.
  7620 | D:8      | Found Pilest's Distillery.
  7627 | D:8      | Found a glowing golden altar of the Shining One.
  7655 | D:8      | Bought a potion of invisibility for 96 gold pieces
  7655 | D:8      | Bought a potion of haste for 120 gold pieces
  7655 | D:8      | Bought a potion of mutation for 30 gold pieces
  7655 | D:8      | Bought a potion of curing for 36 gold pieces
  7655 | D:8      | Bought a potion of curing for 36 gold pieces
  7655 | D:8      | Bought a potion of invisibility for 96 gold pieces
  7655 | D:8      | Bought a potion of might for 48 gold pieces
  7683 | D:8      | Found a burning altar of Makhleb.
  7879 | D:8      | Found Cude's Antique Armour Boutique.
  7922 | D:8      | Found Cuaprik's Food Shoppe.
  7974 | D:8      | Found a staircase to the Lair.
  8282 | D:8      | Reached * piety under Okawaru
  8296 | D:8      | Found Atzep's Distillery.
  8304 | D:8      | Bought a potion of heal wounds for 65 gold pieces
  9093 | D:9      | Reached ** piety under Okawaru
  9093 | D:9      | Reached XP level 10. HP: 64/99 MP: 9/9
  9265 | D:9      | Got a polished plate armour
  9266 | D:9      | Identified the +6 plate armour "Pinwusop" {Int+4} (You found it on level 9 of the Dungeon)
  9512 | D:9      | Found a sacrificial altar of Ru.
  9517 | D:9      | Found a stormy altar of Qazlal.
  9526 | D:9      | Found a white marble altar of Elyvilon.
  9757 | D:9      | Found a sparkling altar of Nemelex Xobeh.
  9996 | D:10     | Entered Level 10 of the Dungeon
 10284 | D:10     | Noticed a cyclops
 10321 | D:10     | Killed a cyclops
 10653 | D:10     | Reached skill level 1 in Dodging
 10712 | D:10     | Reached skill level 1 in Invocations
 10712 | D:10     | Reached skill level 1 in Evocations
 10965 | D:11     | Reached *** piety under Okawaru
 11139 | D:11     | Noticed a hill giant
 11153 | D:11     | Killed a hill giant
 11197 | D:11     | Noticed a hill giant
 11211 | D:11     | Killed a hill giant
 11272 | D:11     | Found a staircase to the Orcish Mines.
 11498 | D:11     | Reached **** piety under Okawaru
 11647 | D:11     | Noticed Urug
 11670 | D:11     | Killed Urug
 11670 | D:11     | Received a gift from Okawaru
 11670 | D:11     | Reached skill level 5 in Armour
 11670 | D:11     | Reached skill level 5 in Shields
 11670 | D:11     | Reached XP level 11. HP: 47/107 MP: 9/12
 12148 | D:11     | Noticed a seven-headed hydra
 12159 | D:11     | Killed a seven-headed hydra
 12546 | D:11     | Noticed a green ugly thing
 12582 | D:11     | Killed a green ugly thing
 12738 | D:11     | Noticed a red ugly thing
 12769 | D:11     | Killed a red ugly thing
 13033 | D:11     | Reached ***** piety under Okawaru
 13248 | D:11     | Noticed a hill giant
 13276 | D:11     | Killed a hill giant
 13276 | D:11     | Received a gift from Okawaru
 14409 | D:12     | Noticed Psyche
 14416 | D:12     | Killed Psyche
 14416 | D:12     | Received a gift from Okawaru
 14461 | D:12     | Noticed Azrael
 14463 | D:12     | HP: 3/108 [hell hound/blast of flame[Azrael] (23)]
 14467 | D:12     | Killed from afar by Azrael

Skill      XL: |  1  2  3  4  5  6  7  8  9 10 11 |
---------------+----------------------------------+-----
Fighting       | 4 6 7 8 10 12 13 | 13.8
Maces & Flails | 3 5 6 8 10 12 13 | 13.5
Dodging        | 2 4 |  4.7
Invocations    | 2 4 |  4.2
Evocations     | 2 3 |  3.5
Shields        | 5 6 |  6.2
Armour         | 5 6 |  6.3

Action                   |  1- 3 |  4- 6 |  7- 9 | 10-12 || total
-------------------------+-------+-------+-------+-------++-------
Melee: Flail             |    92 |    78 |   429 |   475 ||  1074
       Headbutt          |    14 |    14 |    91 |   106 ||   225
Throw: Tomahawk          |       |       |     2 |       ||     2
Invok: Heroism           |       |       |       |     6 ||     6
  Use: Potion            |       |     2 |       |       ||     2
       Scroll            |       |       |    16 |     3 ||    19
  Eat: Chunk             |     1 |     5 |    15 |    12 ||    33
       Royal jelly       |       |       |     2 |       ||     2
       Pizza             |       |       |       |     1 ||     1
       Beef jerky        |       |       |       |     1 ||     1
       Bread ration      |       |       |       |     1 ||     1
Armor: Scale mail        |    60 |    34 |   157 |   128 ||   379
Dodge: Dodged            |    34 |    31 |    99 |   101 ||   265
Block: Shield            |    79 |    57 |   185 |   233 ||   554
